 Dungeon Crawl Stone Soup version 0.30.0-3-ga4e48a9924 (webtiles) character file.

Game seed: 17258346640727848714

548 jimonade the Slasher (level 7, -8/55 HPs)
             Began as a Formicid Monk on May 7, 2023.
             Was a Believer of Wu Jian.
             Mangled by an ogre
             ... wielding a +0 giant spiked club
              (11 damage)
             ... on level 4 of the Dungeon.
             The game lasted 00:07:29 (4380 turns).

jimonade the Slasher (Formicid Monk)                Turns: 4380, Time: 00:07:30

Health: -8/55      AC:  9    Str: 16    XL:     7   Next: 53%
Magic:  7/7        EV:  9    Int:  9    God:    Wu Jian [**....]
Gold:   123        SH:  0    Dex: 18    Spells: 6/6 levels left

rFire   . . .        a - +0 falchion
rCold   . . .        d - orb {light}
rNeg    . . .        s - +0 chain mail
rPois   .            (helmet unavailable)
rElec   .            (no cloak)
rCorr   .            (no gloves)
SInv    +            (no boots)
Will    .....        (no amulet) Stlth
                     (no ring)
HPRegen 0.29/turn    (no ring)
MPRegen 0.10/turn

%: no passive effects
@: glowing
A: permanent stasis, dig shafts and tunnels, antennae 3, four strong arms
a: Dig, Shaft Self, Renounce Religion, Wall Jump


You were on level 4 of the Dungeon.
You worshipped Wu Jian.
Wu Jian was pleased with you.
You visited 2 branches of the dungeon, and saw 5 of its levels.

You collected 123 gold pieces.

Inventory:

Hand Weapons
 a - a +0 falchion (weapon)
 b - a +0 sling
 u - a +0 falchion
Missiles
 h - 7 poisoned darts (quivered)
 o - 23 stones
Armour
 d - an orb of light (worn)
 e - a +0 scale mail
 g - a +0 leather armour
 q - a +0 buckler
 s - a +0 chain mail (worn)
 v - a +0 robe
Wands
 x - a wand of light (10)
Scrolls
 f - a scroll of blinking {unknown}
 j - 2 scrolls of noise {unknown}
 k - a scroll of vulnerability {unknown}
 n - 6 scrolls of teleportation {unknown}
 p - 2 scrolls of identify {unknown}
 t - a scroll of poison {unknown}
 y - a scroll of fog {unknown}
Potions
 c - 2 potions of ambrosia
 i - a potion of curing {unknown}
 l - 2 potions of heal wounds {unknown}
 m - a potion of might {unknown}
 r - 2 potions of magic {unknown}
 w - a potion of degeneration {unknown}
 z - a potion of haste {unknown}


   Skills:
 + Level 4.9 Fighting
 + Level 5.6 Long Blades
 + Level 1.1 Ranged Weapons
 + Level 3.7 Armour
 + Level 3.4 Dodging


You had 6 spell levels left.
You didn't know any spells.
Your spell library contained the following spells:

 Spells                   Type           Power      Damage    Failure   Level
 Apportation              Tloc           0%         N/A       99%         1
 Necrotise                Necr           0%         1d4       99%         1
 Summon Small Mammal      Summ           0%         N/A       99%         1
 Call Canine Familiar     Summ           0%         N/A       100%        3
 Portal Projectile        Hex/Tloc       0%         N/A       100%        3
 Leda's Liquefaction      Hex/Erth       0%         N/A       100%        4


Dungeon Overview and Level Annotations

Branches:
Dungeon (4/15)             Temple (1/1) D:4

Altars:
Dithmenos
Elyvilon
Nemelex Xobeh
Wu Jian
The Shining One

Shops:
D:2 (

Annotations:
D:4 Dowan, Duvessa


Innate Abilities, Weirdness & Mutations

You cannot be hasted, slowed, berserked, paralysed or teleported.
You can dig through walls and to a lower floor.
You have a pair of large antennae on your head. (SInv)
Your four strong arms can wield two-handed weapons with a shield.


Message History

You slash the ball python!
You kill the ball python!
The Council accepts your kill.
An ogre comes into view. It is wielding a +0 giant spiked club.
You see here a yellow potion.
z - a yellow potion Throw: 10 darts (poison)
Press: ? - help, Q - select action, (/) - cycle Shift-Dir - straight line, f - ogre
Aim: an ogre, wielding a +0 giant spiked club (77% to hit)
You throw a poisoned dart. The poisoned dart hits the ogre.
Throw: 9 darts (poison)
Press: ? - help, Q - select action, (/) - cycle Shift-Dir - straight line, f/p - ogre
Aim: an ogre, wielding a +0 giant spiked club (haloed, 94% to hit)
You throw a poisoned dart. The poisoned dart hits the ogre.
The ogre is poisoned.
Throw: 8 darts (poison)
Press: ? - help, Q - select action, (/) - cycle Shift-Dir - straight line, f/p - ogre
Aim: an ogre, wielding a +0 giant spiked club (poisoned, haloed, 94% to hit)
You throw a poisoned dart.
The poisoned dart barely misses the ogre.
Okay, then.
You spin and attack the ogre.
You hit the ogre.
The ogre is moderately wounded.
The ogre hits you with a +0 giant spiked club!
You spin and attack the ogre.
You hit the ogre.
The ogre is heavily wounded.
You spin and attack the ogre.
You hit the ogre but do no damage.
The ogre is heavily wounded.
The ogre hits you with a +0 giant spiked club!
You spin and attack the ogre.
You hit the ogre but do no damage.
The ogre is heavily wounded.
The ogre hits you with a +0 giant spiked club!!
* * * LOW HITPOINT WARNING * * *
You hit the ogre.
The ogre is severely wounded.
The ogre looks more healthy.
You slash the ogre!
The ogre is almost dead.
The ogre hits you with a +0 giant spiked club!
You die...

........#
...#....##
.....)...#
.........##
.....(...##
###..(...#
##.##..(..##
#.......O..#
#....#..@.##
##..#####.##
#.....#####
##.....##
###.......#
........###
#...##...##
###.
##...### ..
#.....#


You could see an ogre.

Vanquished Creatures
  2 sky beasts (D:3)
  2 hounds
  Natasha (thrice) (D:4)
  Robin (D:4)
  7 adders
  7 gnolls
  An ufetubus (D:4)
  2 worms (D:3)
  2 dart slugs
  An orc (D:3)
  7 endoplasms
  12 goblins
  10 hobgoblins
  6 jackals (D:1)
  3 kobolds
  6 quokkas
  8 ball pythons
  7 bats
  3 frilled lizards
  9 rats
99 creatures vanquished.

Notes
Turn   | Place    | Note
-------+----------+-------------------------------------------
     0 | D:1      | jimonade the Formicid Monk began the quest for the Orb.
     0 | D:1      | Reached XP level 1. HP: 18/18 MP: 1/1
    67 | D:1      | Reached XP level 2. HP: 24/24 MP: 2/2
   615 | D:1      | Reached XP level 3. HP: 27/30 MP: 3/3
  1102 | D:2      | Found Dytawer's Weapon Boutique.
  1121 | D:2      | Identified the +5 ring mail "Tiyvvaf" {rPois Int+3}
  1265 | D:2      | Reached XP level 4. HP: 37/37 MP: 4/4
  1641 | D:3      | Reached skill level 4 in Long Blades
  1712 | D:3      | Found a faded altar of an unknown god.
  1937 | D:3      | Reached XP level 5. HP: 42/42 MP: 5/5
  1947 | D:3      | Reached skill level 1 in Armour
  2682 | D:4      | Noticed a sky beast
  2695 | D:3      | Killed a sky beast
  2696 | D:3      | Reached XP level 6. HP: 31/49 MP: 6/6
  2860 | D:4      | Noticed Natasha
  2872 | D:3      | Reached skill level 5 in Long Blades
  2944 | D:4      | Noticed Dowan
  2989 | D:4      | Noticed a sky beast
  2989 | D:4      | Found a staircase to the Ecumenical Temple.
  3009 | D:3      | Killed a sky beast
  3013 | D:3      | HP: 2/49 [gnoll/+0 flail (3)]
  3195 | D:4      | Reached XP level 7. HP: 54/55 MP: 7/7
  3217 | Temple   | Entered the Ecumenical Temple
  3223 | Temple   | Became a worshipper of the Wu Jian Council
  3223 | Temple   | Reached * piety under Wu Jian
  3223 | Temple   | Reached ** piety under Wu Jian
  3258 | D:4      | Noticed Duvessa
  3586 | D:4      | Killed Natasha
  3681 | D:4      | Noticed Natasha
  3714 | D:4      | Killed Natasha
  3734 | D:4      | Noticed Natasha
  3744 | D:4      | Killed Natasha
  4116 | D:4      | Identified the +1 helmet "Zopn" {Str+5}
  4116 | D:4      | Noticed Robin
  4225 | D:4      | Killed Robin
  4316 | D:4      | Reached skill level 1 in Ranged Weapons
  4378 | D:4      | HP: 2/55 [ogre/+0 giant spiked club (27)]
  4380 | D:4      | Mangled by an ogre

Illustrated notes

Levels and vault maps discovered:
D:1:      dpeg_arrival_central, layout_basic
D:2:      layout_rooms, serial_shops, nicolae_shop_bloodbath_and_beyond,
          minivault_27
D:3:      minmay_inner_zag, layout_basic, basic_ecumenical_altar
D:4:      layout_cave_pools, temple_pool_b, serial_shops, shop, uniq_robin,
          uniq_duvessa, uniq_natasha
Temple:   eino_temple_rhombus

Skill      XL: |  1  2  3  4  5  6  7 |
---------------+----------------------+-----
Dodging        | 3 |  3.4
Long Blades    | 4 5 |  5.6
Fighting       | 4 |  4.9
Armour         | 1 2 3 |  3.7
Ranged Weapons | 1 |  1.1

Action                     |  1- 3 |  4- 6 |  7- 9 || total
---------------------------+-------+-------+-------++-------
  Melee: Falchion          |    55 |   136 |   100 ||   291
   Fire: Sling             |       |       |    51 ||    51
  Throw: Dart              |       |       |     3 ||     3
Ability: Whirlwind         |       |       |    41 ||    41
         Lunge             |       |       |     6 ||     6
 Armour: Scale mail        |    20 |    15 |       ||    35
         Chain mail        |       |    87 |    44 ||   131
  Dodge: Dodged            |    31 |    90 |    50 ||   171
